 Dungeon Crawl Stone Soup version 0.31-a0-691-g409c26aa35 (webtiles) character file.

Game seed: 5031699419046265509

618 qw the Shooter (level 7, -1/43 HPs)
             Began as a Gargoyle Hunter on Sept 6, 2023.
             Killed from afar by an orc wizard (9 damage)
             ... with a magic dart
             ... on level 4 of the Dungeon.
             The game lasted 00:01:42 (3462 turns).

qw the Shooter (Gargoyle Hunter)                    Turns: 3462, Time: 00:01:42

Health: -1/43      AC: 10    Str: 13 (15) XL:     7   Next: 45%
Magic:  7/7        EV: 10    Int:  8 (9)  God:
Gold:   231        SH:  0    Dex: 13 (15) Spells: 6/6 levels left

rFire   . . .        Y - +0 shortbow
rCold   + . .        (shield currently unavailable)
rNeg    + . .        e - +0 ring mail {rC+}
rPois   inf          (no helmet)
rElec   +            (no cloak)
rCorr   .            (no gloves)
SInv    .            (no boots)
Will    .....        (no amulet)
Stlth   +            (no ring)
HPRegen 0.27/turn    (no ring)
MPRegen 0.10/turn

%: no passive effects
@: about to teleport
A: sickness immunity, AC +4, negative energy resistance 1, electricity
resistance, torment resistance 1, petrification resistance
a: no special abilities


You were on level 4 of the Dungeon.
You visited 1 branch of the dungeon, and saw 4 of its levels.

You collected 231 gold pieces.


Innate Abilities, Weirdness & Mutations

You are immune to sickness and miasma.
Your stone body is resilient. (AC +4)
You are immune to poison.
You resist negative energy. (rN+)
You are resistant to electric shocks. (rElec)
You are resistant to unholy torment.
You are immune to petrification.


   Skills:
 - Level 4.2 Fighting
 + Level 7.9 Ranged Weapons
 - Level 1.5 Armour
 - Level 1.5 Dodging
 - Level 1.1 Stealth


You had 6 spell levels left.
You didn't know any spells.
Your spell library was empty.

Inventory:

Hand Weapons
 Y - a +0 shortbow (weapon)
Armour
 e - a +0 ring mail of cold resistance (worn)
Jewellery
 d - an amulet of magic regeneration
Scrolls
 a - 2 scrolls of teleportation
 b - a scroll of identify
 h - a scroll of poison {unknown}
Potions
 c - a potion of haste
 f - 2 potions of mutation {unknown}
 g - a potion of invisibility {unknown}
 i - a potion of curing {unknown}
 j - a potion of berserk rage {unknown}

Dungeon Overview and Level Annotations

Branches:
Dungeon (4/15)
 Temple: D:4-7

Altars:
Ashenzari
Nemelex Xobeh

Shops:
D:2 =

Annotations:
D:4 1 runed translucent door, Crazy Yiuf


Message History

The orc priest hits you but does no damage.
The orc priest looks satisfied for a moment.
The orc priest calls upon Beogh to heal the orc wizard.
The orc wizard's wounds heal themselves!
The orc priest barely misses you.
The orc priest calls down the wrath of Beogh upon you.
Beogh smites you!
The orc priest hits you with a +0 hand axe.
The orc wizard casts a spell.
The orc wizard flickers and vanishes!
Deactivating autopickup; reactivate with Ctrl-A.
The orc priest looks satisfied for a moment.
The orc priest barely misses you.
The orc wizard gestures at you while chanting.
The puff of flame hits you! The orc hits you but does no damage.
The orc priest misses you.
The orc wizard hits you with a +0 dagger.
The orc hits you with a +0 falchion.
The orc priest invokes the aid of Beogh against you.
Beogh smites you! The orc wizard closely misses you.
The orc priest closely misses you. Something hits you but does no damage.
The orc wizard barely misses you.
You feel less confused. The orc hits you but does no damage.
The orc priest misses you. Something hits you but does no damage.
The orc wizard hits you but does no damage.
Enter note:
Enter note:
Enter note:
Enter note:
3462 |||
Found retreat position at 3,4 (floor) with 0 blocking monsters and 1 monsters attacking at destination at distance 4
3462 ||| READING 3 scrolls of teleportation.
As you read the scroll of teleportation, it crumbles to dust.
You feel strangely unstable.
The orc priest looks braver for a moment.
The orc hits you but does no damage. The orc priest closely misses you.
You hear some strange, mumbled words.
A magic dart appears from out of thin air!
The magic dart hits you!
You die...

...#.##....>...# #.......##.#..
oo.............#####..#....##....
................#.##..#....##....
#o...#...............#.....#....
#?.###............#....#.......
#.................#...##....##.
#..#.........o<.......#........
######.......oo...###.....#....
#.##....o@............##..
####....{......#.###.#####
####...#.<..### #.# #.....##.###
### ##...###.# #...# ### ##.##
###


You could see 2 orc priests, an orc wizard and an orc.

Vanquished Creatures
  Sigmund (D:2)
  A scorpion (D:4)
  A jelly (D:4)
  2 hounds (D:4)
  Terence (D:3)
  2 iguanas (D:4)
  2 orc wizards (D:4)
  4 gnolls
  4 adders
  3 worms
  3 dart slugs
  4 orcs
  3 ball pythons
  8 endoplasms
  5 giant cockroaches
  3 goblins
  10 hobgoblins
  2 jackals (D:4)
  5 quokkas
  4 bats
  7 frilled lizards
  5 kobolds
  8 rats
88 creatures vanquished.

Notes
Turn   | Place    | Note
-------+----------+-------------------------------------------
     0 | D:1      | qw the Gargoyle Hunter began the quest for the Orb.
     0 | D:1      | Reached XP level 1. HP: 12/12 MP: 1/1
     0 | D:1      | 0 ||| qw: Version: 0.3-a-76-g4403597
     0 | D:1      | 0 ||| qw: Game counter: 33
     0 | D:1      | 0 ||| qw: Melee chars always use a shield: true
     0 | D:1      | 0 ||| qw: God list: Okawaru
     0 | D:1      | 0 ||| qw: Allow faded altars: false
     0 | D:1      | 0 ||| qw: Do Orc after clearing Dungeon:15 true
     0 | D:1      | 0 ||| qw: Do second Lair branch before Depths: true
     0 | D:1      | 0 ||| qw: Lair rune preference: random
     0 | D:1      | 0 ||| qw: Goals: Normal
     0 | D:1      | 0 ||| PLANNING D:1-11
    57 | D:1      | Reached XP level 2. HP: 17/17 MP: 2/2
   710 | D:1      | 710 ||| READING scroll labelled MUDDAN VAAMOU.
   714 | D:1      | 714 ||| READING scroll labelled KETERE SAOBUJ.
   715 | D:1      | 715 ||| DROPPING scroll of butterflies.
   752 | D:2      | Found a sparkling altar of Nemelex Xobeh.
   802 | D:2      | Reached XP level 3. HP: 18/21 MP: 3/3
   816 | D:2      | Found Lar Zept's Jewellery Shoppe.
   823 | D:2      | 823 ||| SHOPLISTING +6 ring of strength (396 gold, have
                  | 30).
   823 | D:2      | 823 ||| SHOPLISTING amulet of the acrobat (330 gold, have
                  | 30).
   823 | D:2      | 823 ||| SHOPLISTING ring of positive energy (220 gold, have
                  | 30).
   823 | D:2      | 823 ||| SHOPLISTING ring of see invisible (165 gold, have
                  | 30).
   823 | D:2      | 823 ||| SHOPLISTING ring of willpower (275 gold, have 30).
   849 | D:2      | Noticed Sigmund
   865 | D:2      | HP: 5/21 [something (1)]
   867 | D:2      | Killed Sigmund
   868 | D:2      | Reached skill level 6 in Ranged Weapons
   868 | D:2      | Reached XP level 4. HP: 7/26 MP: 4/4
   868 | D:2      | Reached XP level 5. HP: 8/30 MP: 5/5
  1245 | D:2      | 1245 ||| DROPPING +2 sling of flaming.
  1303 | D:2      | Reached XP level 6. HP: 36/36 MP: 6/6
  1554 | D:2      | 1554 ||| UPGRADING to +0 ring mail of cold resistance.
  1564 | D:2      | 1564 ||| DROPPING +0 leather armour.
  1565 | D:2      | 1565 ||| READING 3 scrolls labelled BENLAC NUROWOTANI.
  1566 | D:2      | 1566 ||| READING 2 scrolls labelled PAUSID HUYSCH.
  1567 | D:2      | 1567 ||| READING scroll labelled WOALOLOEFO.
  1568 | D:2      | 1568 ||| DROPPING 2 scrolls of blinking.
  1747 | D:3      | Noticed Terence
  1748 | D:3      | 1748 ||| Stepping ~*~*~tactically~*~*~ (outnumbered).
  1764 | D:3      | Killed Terence
  1765 | D:3      | Reached skill level 1 in Armour
  1775 | D:3      | Reached skill level 3 in Fighting
  1785 | D:3      | 1785 ||| FLEEEEING.
  1786 | D:3      | 1786 ||| FLEEEEING.
  1787 | D:3      | 1787 ||| FLEEEEING.
  1788 | D:3      | 1788 ||| FLEEEEING.
  1789 | D:3      | 1789 ||| FLEEEEING.
  1790 | D:3      | 1790 ||| FLEEEEING.
  1791 | D:3      | 1791 ||| FLEEEEING.
  1792 | D:3      | 1792 ||| FLEEEEING.
  1793 | D:3      | 1793 ||| FLEEEEING.
  1794 | D:3      | 1794 ||| FLEEEEING.
  1795 | D:3      | 1795 ||| FLEEEEING.
  1796 | D:3      | 1796 ||| FLEEEEING.
  1797 | D:3      | 1797 ||| FLEEEEING.
  1798 | D:3      | 1798 ||| FLEEEEING.
  1799 | D:3      | 1799 ||| FLEEEEING.
  1800 | D:3      | 1800 ||| FLEEEEING.
  1801 | D:3      | 1801 ||| FLEEEEING.
  1802 | D:3      | 1802 ||| FLEEEEING.
  1803 | D:3      | 1803 ||| FLEEEEING.
  1804 | D:3      | 1804 ||| FLEEEEING.
  1805 | D:3      | 1805 ||| FLEEEEING.
  1806 | D:3      | 1806 ||| FLEEEEING.
  1807 | D:3      | 1807 ||| FLEEEEING.
  1808 | D:3      | 1808 ||| FLEEEEING.
  1809 | D:3      | 1809 ||| FLEEEEING.
  1810 | D:3      | 1810 ||| FLEEEEING.
  1811 | D:3      | 1811 ||| FLEEEEING.
  1812 | D:3      | 1812 ||| FLEEEEING.
  1813 | D:3      | 1813 ||| FLEEEEING.
  1814 | D:3      | 1814 ||| FLEEEEING.
  1815 | D:3      | 1815 ||| FLEEEEING.
  1816 | D:3      | 1816 ||| FLEEEEING.
  1817 | D:3      | 1817 ||| FLEEEEING.
  1818 | D:3      | 1818 ||| FLEEEEING.
  1819 | D:3      | 1819 ||| FLEEEEING.
  1820 | D:3      | 1820 ||| FLEEEEING.
  1821 | D:3      | 1821 ||| FLEEEEING.
  1822 | D:3      | 1822 ||| FLEEEEING.
  1823 | D:3      | 1823 ||| FLEEEEING.
  1824 | D:3      | 1824 ||| FLEEEEING.
  1825 | D:3      | 1825 ||| FLEEEEING.
  1826 | D:3      | 1826 ||| FLEEEEING.
  1827 | D:3      | 1827 ||| STAIRDANCE
  1860 | D:3      | 1860 ||| STAIRDANCE
  2586 | D:3      | 2586 ||| DRINKING 2 white potions.
  2587 | D:3      | 2587 ||| DRINKING 2 murky orange potions.
  2588 | D:3      | 2588 ||| READING 2 scrolls of identify.
  2588 | D:3      | 2588 ||| IDENTIFYING inky potion
  2589 | D:3      | 2589 ||| DROPPING potion of magic.
  2590 | D:3      | 2590 ||| DROPPING potion of degeneration.
  2841 | D:4      | Reached skill level 7 in Ranged Weapons
  2850 | D:4      | Reached XP level 7. HP: 21/43 MP: 7/7
  2988 | D:4      | Found a broken altar of Ashenzari.
  3312 | D:4      | Found a runed translucent door.
  3313 | D:4      | Noticed Crazy Yiuf
  3438 | D:4      | 3438 ||| RETREATING.
  3441 | D:4      | 3441 ||| FLEEEEING.
  3459 | D:4      | HP: 7/43 [orc priest/divine providence (8)]
  3462 | D:4      | 3462 ||| READING 3 scrolls of teleportation.
  3462 | D:4      | Killed from afar by an orc wizard

Levels and vault maps discovered:
D:1:      dpeg_arrival_boxorama, layout_basic
D:2:      minmay_chambers_of_twos, layout_loops_cross, basic_altar,
          serial_shops, nicolae_shop_rolling_square, uniq_sigmund
D:3:      layout_loops_ring, uniq_terence
D:4:      layout_cave_pools, mainiacjoe_overflow_24_doors,
          uniq_crazy_yiuf_cottage

Skill      XL: |  1  2  3  4  5  6 |
---------------+-------------------+-----
Ranged Weapons | 6 7 |  7.9
Armour         | 1 |  1.5
Fighting       | 4 |  4.2
Dodging        | |  1.5
Stealth        | |  1.1

Action                     |  1- 3 |  4- 6 |  7- 9 || total
---------------------------+-------+-------+-------++-------
   Fire: Shortbow          |    80 |   216 |    93 ||   389
    Use: Scroll            |     2 |     4 |     1 ||     7
         Potion            |       |     2 |       ||     2
 Armour: Leather armour    |    13 |     6 |       ||    19
         Ring mail         |       |    87 |    62 ||   149
  Dodge: Dodged            |     5 |    71 |    43 ||   119

Table legend:
 A = Non-vault XP
 B = Vault XP
 C = Vault XP percentage of total XP
 D = Non-vault monster count
 E = Vault monster count
 F = Vault count percentage of total count
                 A         B        C        D         E       F
            +---------+---------+-------+---------+---------+-------
      Total |     593 |     291 |  32.9 |      78 |      10 |  11.4
            +---------+---------+-------+---------+---------+-------
        D:1 |      32 |       0 |   0.0 |      20 |       0 |   0.0
        D:2 |      52 |     255 |  83.1 |      16 |       9 |  36.0
        D:3 |     121 |      36 |  22.9 |      21 |       1 |   4.5
        D:4 |     388 |       0 |   0.0 |      21 |       0 |   0.0
            +---------+---------+-------+---------+---------+-------
